 Dungeon Crawl Stone Soup version 0.32-a0-666-ge8a88695a4 (webtiles) character file.

Game seed: 13970595244494326165

7567 ezpacito the Trooper (level 11, -1/84 HPs)
             Began as a Coglin Chaos Knight on Mar 10, 2024.
             Was a Plaything of Xom.
             Succumbed to a killer bee's poison
             ... on level 9 of the Dungeon.
             The game lasted 00:13:21 (9178 turns).

ezpacito the Trooper (Coglin Chaos Knight)          Turns: 9178, Time: 00:13:22

Health: -1/84      AC: 22    Str: 17    XL:     11   Next: 17%
Magic:  16/16      EV: 10    Int: 11    God:    Xom [.....*]
Gold:   997        SH:  0    Dex: 19    Spells: 17/17 levels left

rFire   . . .        a - +0 hand axe (chaos) {Akiya}
rCold   . . .        C - +1 quick blade (freeze) {Imanvir}
rNeg    + . .        g - +0 shadow dragon scales "Qego" {rN+ Dex+5 SInv Stlth++++}
rPois   .            (no helmet)
rElec   .            b - +2 cloak {rCorr}
rCorr   +            H - +2 pair of gloves
SInv    +            p - +0 pair of boots
Will    .....        (amulet unavailable)
Stlth   ++++         (ring unavailable)
HPRegen 0.34/turn    (ring unavailable)
MPRegen 0.15/turn    (no gizmo)

%: no passive effects
@: lethally poisoned (-1 -> -5), studying Staves, revved
A: off-hand wielding, slow wielding, warmup strikes, no jewellery, wild magic 1,
MP-powered wands
a: Invent Gizmo, Renounce Religion


You were on level 9 of the Dungeon.
You worshipped Xom.
You were Xom's teddy bear.
You visited 2 branches of the dungeon, and saw 10 of its levels.
You also visited: Sewer and Bailey.

You collected 1483 gold pieces.
You spent 486 gold pieces at shops.

Inventory:

Hand Weapons
 a - a +0 hand axe of chaos (weapon) {Akiya}
 c - a +4 broad axe
 m - a +0 trident
 C - a +1 quick blade of freezing (offhand) {Imanvir}
 F - a +3 broad axe
Missiles
 l - 2 throwing nets
 r - a silver javelin
 B - 7 boomerangs (quivered)
Armour
 b - a +2 cloak of preservation (worn)
 d - a +0 helmet
 g - the +0 shadow dragon scales "Qego" (worn) {rN+ Dex+5 SInv Stlth++++}
   (You acquired it in a bailey)

   Dex+5:     It affects your dexterity (+5).
   rN+:       It protects you from negative energy.
   SInv:      It lets you see invisible.
   Stlth++++: It makes you much more stealthy.
 k - a +0 plate armour
 p - a +0 pair of boots (worn)
 y - the +3 chain mail "Ponum" {rC+}
   (You found it on level 4 of the Dungeon)

   rC+:       It protects you from cold.
 H - a +2 pair of gloves (worn)
Talismans
 h - a talisman of death
 x - a storm talisman
 z - a blade talisman
Wands
 n - a wand of roots (6)
 q - a wand of acid (1)
 A - a wand of polymorph (14)
Scrolls
 i - a scroll of identify
 s - a scroll of revelation
 t - 6 scrolls of teleportation
 w - 3 scrolls of vulnerability
Potions
 e - 4 potions of attraction
 f - 2 potions of enlightenment
 j - 2 potions of brilliance


   Skills:
 * Level 7.5 Fighting
 + Level 3.4 Short Blades
 * Level 7.5(8.1) Axes
 + Level 4.2(6.1) Polearms
 - Level 1.0 Throwing
 * Level 6.5 Armour
 * Level 6.2 Dodging
 + Level 3.9 Stealth
 + Level 3.5 Spellcasting
 + Level 4.6 Evocations


You had 17 spell levels left.
You didn't know any spells.
Your spell library contained the following spells:

 Spells                   Type           Power      Damage    Failure   Level
 Magic Dart               Conj           8%         1d3       98%         1
 Blink                    Tloc           4%         N/A       99%         2
 Call Imp                 Summ           4%         N/A       99%         2
 Ensorcelled Hibernation  Hex/Ice        4%         N/A       99%         2
 Searing Ray              Conj           4%         2d4       99%         2
 Frozen Ramparts          Ice            4%         1d1       100%        3
 Fugue of the Fallen      Necr           2%         N/A       100%        3
 Inner Flame              Hex/Fire       2%         N/A       100%        3
 Anguish                  Hex/Necr       1%         N/A       100%        4
 Flame Wave               Conj/Fire      2%         2d4       100%        4
 Fulminant Prism          Conj/Alch      1%         3d5       100%        4
 Leda's Liquefaction      Alch/Erth      1%         N/A       100%        4
 Passage of Golubria      Tloc           2%         N/A       100%        4
 Petrify                  Alch/Erth      2%         N/A       100%        4
 Sticky Flame             Fire/Alch      2%         2d4       100%        4
 Metabolic Englaciation   Hex/Ice        1%         N/A       100%        5
 Silence                  Hex/Air        1%         N/A       100%        5
 Lehudib's Crystal Spear  Conj/Erth      1%         10d2      100%        8


Dungeon Overview and Level Annotations

Branches:
Dungeon (9/15)             Temple (1/1) D:4           Sewer (visited)
 Bailey (visited)
   Lair: D:8-11         Orc: D:9-12

Altars:
Cheibriados
Dithmenos
Elyvilon
Fedhas
Hepliaklqana
Kikubaaqudgha
Makhleb
Nemelex Xobeh
Okawaru
Qazlal
Ru
Sif Muna
Trog
Uskayaw
Vehumet
Wu Jian
Xom
Yredelemnul
Zin
The Shining One

Shops:
D:5 (   D:6 :   D:7 (


Innate Abilities, Weirdness & Mutations

You can wield a second weapon in your off-hand.
It takes a long time for you to wield or remove held weapons.
Your first few attacks do less damage.
You cannot equip rings or amulets.
Your spells are a little harder to cast, but a little more powerful.
You expend magic power (3 MP) to strengthen your wands.


Message History

You hit the killer bee with your +0 hand axe of chaos. x2
The killer bee is poisoned.
You hit the killer bee with your +1 quick blade of freezing.
You freeze the killer bee.
You kill the killer bee!
* * * LOW HITPOINT WARNING * * *
You feel very sick.
You kill the killer bee!
The killer bee stings you but does no damage. x2
The killer bee barely misses you. x2
You take 3 damage, and have 5/84 hp.
You hit the killer bee with your +1 quick blade of freezing.
You freeze the killer bee. Your headbutt misses the killer bee.
You miss the killer bee with your +1 quick blade of freezing.
Your headbutt misses the killer bee.
The killer bee is almost dead.
You hit the killer bee with your +0 hand axe of chaos.
The killer bee falls asleep!
The killer bee buzzes angrily.
You barely miss the killer bee with your +0 hand axe of chaos.
Your surroundings suddenly seem different.
* * * LOW HITPOINT WARNING * * *
You feel sick.
You take 2 damage, and have 3/84 hp.
There is a lethal amount of poison in your body!
You feel extremely strange.
You feel weaker.
You feel conductive. The horns on your head shrink away.
You feel your magical essence link to the dungeon's wands.
You feel less in control of your magic.
* * * LOW HITPOINT WARNING * * *
You feel sick.
You take 1 damage, and have 2/84 hp.
Unknown command.
Okay, then.
Okay, then.
* * * LOW HITPOINT WARNING * * *
You feel sick.
You take 1 damage, and have 1/84 hp.
You die...
Xom roars with laughter!

## ##.. .#
.?..# ##.#
#...# ....#
#...# ....#
#...##.....
#...#..#
##....#
#..@#.#
#..###..#
#..# .#
.... .#
.... . ....
$# ...


There were no monsters in sight!

Vanquished Creatures
  An orc warlord (Bailey)
  Maurice (D:7)
  A troll (D:8)
  A wyvern (D:7)
  4 yaks
  3 steam dragons
  Duvessa (D:5)
  A water moccasin (D:5)
  A black bear (D:8)
  An ice beast (shapeshifter) (Bailey)
  11 orc warriors
  A tengu (D:8)
  5 ice beasts
  A boggart (D:8)
  3 ogres (D:4)
  A phantom (D:6)
  A bullfrog (D:8)
  2 brain worms (Sewer)
  A gnoll sergeant (D:8)
  2 scorpions
  5 wights (D:6)
  Dowan (D:5)
  10 killer bees
  A howler monkey (D:6)
  A bombardier beetle (D:5)
  4 hounds
  7 orc priests
  2 jellies (D:4)
  A sleepcap (D:4)
  An iguana (D:3)
  3 orc wizards
  Robin (D:3)
  15 adders
  12 gnolls
  2 river rats (Sewer)
  A white imp (D:5)
  A dart slug (D:1)
  7 ribbon worms
  39 orcs
  6 endoplasms
  2 giant cockroaches
  36 goblins
  16 hobgoblins
  3 jackals (D:1)
  A jackal (shapeshifter) (D:5)
  3 quokkas
  13 ball pythons
  5 bats
  6 frilled lizards
  6 kobolds
  12 rats
266 creatures vanquished.

Vanquished Creatures (collateral kills)
  3 orc warriors
  A black bear (D:5)
  2 hobgoblins (Bailey)
  A ball python (D:3)
  3 goblins
10 creatures vanquished.

Vanquished Creatures (others)
  An elephant (D:8)
  An orc (D:7)
2 creatures vanquished.

Grand Total: 278 creatures vanquished

Notes
Turn   | Place    | Note
-------+----------+-------------------------------------------
     0 | D:1      | ezpacito the Coglin Chaos Knight began the quest for the
                  | Orb.
     0 | D:1      | Reached XP level 1. HP: 18/18 MP: 1/1
   156 | D:1      | Reached skill level 1 in Dodging
   158 | D:1      | Reached XP level 2. HP: 22/24 MP: 2/2
   195 | D:1      | XOM: silly message
   380 | D:1      | Reached XP level 3. HP: 28/29 MP: 3/3
   401 | D:1      | XOM: silly message
   416 | D:1      | Found Xoeggonk's Vocational Training.
   786 | D:2      | XOM: silly message
   889 | D:2      | Reached skill level 1 in Polearms
   969 | D:2      | Reached XP level 4. HP: 35/35 MP: 4/4
  1457 | D:2      | XOM: divination: detect items
  1494 | D:3      | Identified a scroll of acquirement
  1494 | D:3      | Acquired 956 gold pieces
  1565 | D:3      | Found a glowing drain.
  1565 | D:3      | Noticed Robin
  1569 | D:3      | Reached XP level 5. HP: 25/42 MP: 5/5
  1569 | D:3      | XOM: swap monsters
  1580 | D:3      | Killed Robin
  1639 | Sewer    | Entered a sewer
  1690 | Sewer    | XOM: silly message
  1773 | Sewer    | XOM: noise
  1776 | Sewer    | XOM: divination: detect creatures
  1777 | Sewer    | XOM: divination: detect creatures
  1783 | Sewer    | Reached skill level 1 in Stealth
  1783 | Sewer    | Reached skill level 1 in Spellcasting
  1783 | Sewer    | Reached XP level 6. HP: 37/48 MP: 5/7
  1991 | Sewer    | XOM: silly message
  2085 | D:3      | XOM: noise
  2294 | D:3      | Found a faded altar of an unknown god.
  2338 | D:3      | Found a basalt altar of Yredelemnul.
  2720 | D:3      | Noticed an ice beast
  2724 | D:3      | XOM: fog
  2729 | D:3      | an ice beast changed into a gnoll
  2729 | D:3      | XOM: polymorph ice beast -> gnoll
  2836 | D:4      | Identified the +3 chain mail "Ponum" {rC+}
  2853 | D:4      | Found a staircase to the Ecumenical Temple.
  2872 | D:4      | XOM: scenery: create altars
  2958 | D:4      | Reached XP level 7. HP: 55/55 MP: 7/9
  3327 | D:4      | XOM: 1-stop teleportation journey
  3532 | D:4      | XOM: cloud trail
  3625 | D:4      | XOM: scenery: summon butterflies
  3636 | D:4      | XOM: polymorph butterfly -> bat
  3791 | Temple   | Entered the Ecumenical Temple
  3824 | D:5      | Entered Level 5 of the Dungeon
  3841 | D:5      | Reached XP level 8. HP: 34/61 MP: 10/10
  3849 | D:5      | Found Upteut's Antique Weapon Shoppe.
  3940 | D:5      | Bought a runed quick blade for 486 gold pieces
  3947 | D:5      | XOM: cast spell 'Summon Hydra'
  3951 | D:5      | Reached skill level 5 in Fighting
  3957 | D:5      | Noticed Duvessa
  3972 | D:5      | Noticed Dowan
  3976 | D:5      | Killed Duvessa
  3976 | D:5      | XOM: fog
  3977 | D:5      | Reached skill level 5 in Axes
  3985 | D:5      | Killed Dowan
  3986 | D:5      | Reached skill level 1 in Evocations
  4071 | D:5      | Reached skill level 1 in Short Blades
  4242 | D:5      | XOM: 4-stop teleportation journey
  4263 | D:5      | XOM: confuse monster(s)
  4502 | D:5      | XOM: divination: detect creatures
  4530 | D:5      | XOM: summons 1 hostile demon
  4573 | D:5      | Noticed a moth of wrath
  4577 | D:5      | Found a bloodstained altar of Trog.
  4578 | D:5      | a rat changed into a shapeshifter
  4578 | D:5      | Noticed a shapeshifter (shapeshifter)
  4578 | D:5      | XOM: polymorph rat -> shapeshifter
  4578 | D:5      | a shapeshifter changed into an endoplasm
  4583 | D:5      | XOM: blink monster(s)
  4611 | D:5      | XOM: polymorph ribbon worm -> goblin
  4623 | D:5      | XOM: cleaving
  4625 | D:5      | XOM: potion effect (attraction)
  4626 | D:5      | a moth of wrath changed into a human
  4626 | D:5      | XOM: polymorph moth of wrath -> human
  4683 | D:5      | XOM: god gift: 39 gold pieces
  4699 | D:6      | XOM: stealth player
  4772 | D:6      | Reached XP level 9. HP: 64/68 MP: 12/12
  4879 | D:6      | XOM: butterfly on damage
  5132 | D:6      | Found Gugex's Book Emporium.
  5194 | D:6      | XOM: smoke on damage
  5310 | D:6      | XOM: give mutations
  5310 | D:6      | Gained mutation: You have a pair of small horns on your
                  | head. [Xom's grace]
  5310 | D:6      | Gained mutation: You are resistant to electric shocks.
                  | (rElec) [Xom's grace]
  5310 | D:6      | Gained mutation: Your muscles are strong. (Str +4, Int/Dex
                  | -1) [Xom's grace]
  5379 | D:6      | XOM: summons 2 friendly demons
  5566 | D:6      | XOM: 2-stop teleportation journey
  5618 | D:6      | XOM: god gift: wand of acid (6)
  6086 | D:7      | Reached skill level 5 in Armour
  6227 | D:7      | XOM: snakes to sticks
  6277 | D:7      | Noticed Maurice
  6321 | D:6      | XOM: 1-stop teleportation journey
  6703 | D:7      | Found Fynimioc's Antique Weapon Boutique.
  6716 | D:7      | Something stole 7 boomerangs
  6719 | D:7      | Something stole 66 gold
  6722 | D:7      | Something stole a storm talisman
  6727 | D:7      | Something stole a +3 broad axe
  6736 | D:7      | Something stole 95 gold
  6738 | D:7      | Something stole 33 gold
  6739 | D:7      | Something stole 559 gold
  6760 | D:7      | Killed Maurice
  6925 | D:7      | Reached skill level 5 in Dodging
  7106 | D:8      | XOM: stealth player
  7138 | D:8      | Noticed a troll
  7149 | D:8      | Killed a troll
  7150 | D:8      | Reached skill level 1 in Throwing
  7150 | D:8      | Reached XP level 10. HP: 48/77 MP: 14/14
  7198 | D:8      | Found a flagged portal.
  7209 | Bailey   | Entered a bailey
  7302 | Bailey   | XOM: polymorph gnoll -> goblin
  7368 | Bailey   | XOM: scenery: 1 fountains blood, 2 doors open, 3 doors
                  | close
  7619 | Bailey   | XOM: cloud trail
  7633 | Bailey   | XOM: polymorph orc warrior -> shapeshifter
  7685 | Bailey   | Noticed an orc warlord
  7726 | Bailey   | Killed an orc warlord
  7968 | Bailey   | Acquired the +0 shadow dragon scales "Qego" {rN+ Dex+5 SInv
                  | Stlth++++}
  8021 | D:8      | Noticed a two-headed ogre
  8172 | D:8      | XOM: summons friendly crimson imp
  8347 | D:8      | a two-headed ogre changed into an elephant
  8347 | D:8      | Noticed an elephant
  8347 | D:8      | XOM: polymorph two-headed ogre -> elephant
  8349 | D:8      | Killed an elephant
  8349 | D:8      | XOM: divine lightning
  8835 | D:8      | Reached XP level 11. HP: 84/84 MP: 16/16
  9013 | D:8      | XOM: polymorph yak -> boggart
  9030 | D:8      | XOM: scenery: create altars
  9175 | D:9      | HP: 3/84 [poisoned by a killer bee]
  9176 | D:9      | Lost mutation: Your muscles are strong. (Str +4, Int/Dex
                  | -1) [potion of mutation]
  9176 | D:9      | Lost mutation: You are resistant to electric shocks.
                  | (rElec) [potion of mutation]
  9176 | D:9      | Lost mutation: You have a pair of small horns on your head.
                  | [potion of mutation]
  9176 | D:9      | Gained mutation: You expend magic power (3 MP) to
                  | strengthen your wands. [potion of mutation]
  9176 | D:9      | Gained mutation: Your spells are a little harder to cast,
                  | but a little more powerful. [potion of mutation]
  9177 | D:9      | HP: 1/84 [poisoned by a killer bee]
  9178 | D:9      | Succumbed to a killer bee's poison

Illustrated notes

Levels and vault maps discovered:
D:1:      dpeg_arrival_brainrot, layout_basic, nicolae_shop_vocational
D:2:      layout_loops_cross, nrook_campfire, nicolae_twisty_statue_hallways
D:3:      minmay_razor_zed, layout_rooms, lemuel_doored_altar,
          portal_sewer_entry_a, chequers_ecumenical_altar_lobes,
          kennysheep_generic_room_6, uniq_robin
D:4:      layout_loops_cross, minmay_temple_entry_poolview
D:5:      layout_loops_ring, tgw_trog, serial_shops, nicolae_shop_trees,
          minmay_misc_feat_plants, uniq_duvessa
D:6:      layout_basic, serial_shops, shop, st_stairs_6, corner_web_ring,
          nicolae_zig_zag_zippers
D:7:      nicolae_cairo_tiling, layout_basic, serial_shops, nicolae_square_shop,
          uniq_maurice
D:8:      layout_loops_ring, enter_bailey_3, minivault_4, minmay_misc_feat_room,
          st_stairs_4
D:9:      layout_layer_cave, kennysheep_minor_cross,
          chequers_serial_rivers_micro_e
Temple:   nicolae_temple_two_arcs

Skill      XL: |  1  2  3  4  5  6  7  8  9 10 |
---------------+-------------------------------+-----
Dodging        | 1 2 3 4 5 6 |  6.2
Armour         | 2 3 4 5 6 |  6.5
Polearms       | 1 2 3 4 |  4.2
Fighting       | 4 5 6 7 |  7.5
Stealth        | 1 2 3 |  3.9
Spellcasting   | 1 2 3 |  3.5
Axes           | 4 5 6 7 |  7.5
Evocations     | 1 3 4 |  4.6
Short Blades   | 1 2 3 |  3.4
Throwing       | 1 |  1.0

Action                     |  1- 3 |  4- 6 |  7- 9 | 10-12 || total
---------------------------+-------+-------+-------+-------++-------
  Melee: Hand axe          |    71 |   180 |   276 |   159 ||   686
         Dagger            |    69 |    15 |       |       ||    84
         Spear             |       |   189 |    65 |       ||   254
         Quick blade       |       |       |   412 |   309 ||   721
         Headbutt          |       |       |    32 |    66 ||    98
         Unarmed           |       |       |     9 |       ||     9
  Evoke: Wand              |       |       |       |     5 ||     5
    Use: Scroll            |       |    11 |    11 |    10 ||    32
         Potion            |       |     1 |    13 |     8 ||    22
   Stab: Sleeping          |     1 |       |       |     1 ||     2
         Held in net/web   |       |     5 |     1 |       ||     6
         Confused          |       |       |     3 |     1 ||     4
         Invisible         |       |       |     3 |     6 ||     9
         Paralysed         |       |       |     2 |     1 ||     3
 Armour: Leather armour    |    35 |       |       |       ||    35
         Chain mail        |     2 |   149 |   269 |    70 ||   490
         Skin              |       |       |     6 |       ||     6
         Shadow dragon sca |       |       |       |   188 ||   188
  Dodge: Dodged            |    30 |    78 |   120 |   143 ||   371

Table legend: (Time is in decaauts)
 A = Elapsed time spent in this place.
 B = Non-inter-level travel time spent in this place.
 C = Inter-level travel time spent in this place.
 D = Time resting spent in this place.
 E = Time spent auto-exploring this place.
 F = Levels seen in this place.
 G = Mean time per level.
                   A        B        C        D        E       F      G
               +--------+--------+--------+--------+--------+-----+--------+
         Total |   9204 |   8830 |    374 |    534 |   6399 |  12 |  767.0 |
       Dungeon |   7966 |   7593 |    373 |    412 |   5657 |   9 |  885.1 |
        Temple |      1 |      1 |      0 |      0 |      0 |   1 |    1.0 |
         Sewer |    451 |    451 |      0 |      0 |    334 |   1 |  451.0 |
        Bailey |    785 |    785 |      0 |    122 |    408 |   1 |  785.0 |
               +--------+--------+--------+--------+--------+-----+--------+

Top non-repeatable levels by time:
     D:6: 1510 daAuts
     D:8: 1215 daAuts
     D:4: 984 daAuts
     D:3: 944 daAuts
     D:5: 881 daAuts
     D:7: 876 daAuts
  Bailey: 785 daAuts
     D:1: 761 daAuts
     D:2: 730 daAuts
   Sewer: 451 daAuts
     D:9: 60 daAuts
  Temple: 1 daAuts
